 Dungeon Crawl Stone Soup version 0.30-a0-1074-g5db6f66fbb (webtiles) character file.

Game seed: 5453304730521346138

136 jimonade the Grasshopper (level 5, -5/45 HPs)
             Began as a Naga Warper on Apr 14, 2023.
             Slain by a gnoll
             ... wielding a +0 whip
              (7 damage)
             ... on level 3 of the Dungeon.
             The game lasted 00:05:26 (1947 turns).

jimonade the Grasshopper (Naga Warper)              Turns: 1947, Time: 00:05:27

Health: -5/45      AC:  3    Str: 14    XL:     5   Next: 19%
Magic:  8/8        EV:  9    Int: 13    God:
Gold:   241        SH:  0    Dex: 12    Spells: 4/8 levels left

rFire   . . .      SeeInvis +    a - +1 short sword (holy)
rCold   . . .      Faith    .    (no shield)
rNeg    . . .      Spirit   .    b - +0 leather armour
rPois   +          Reflect  .    (no helmet)
rElec   .          Rampage  .    (no cloak)
rCorr   .                        (no gloves)
Will    .....                    (no barding)
Stlth   +                        (no amulet)
HPRegen 0.27/turn                (no ring)
MPRegen 0.11/turn                (no ring)

@: very slow
A: AC +1, large, see invisible, deformed body, poison resistance, slowness 2,
spit poison 1, naga tail 1
a: Spit Poison


You were on level 3 of the Dungeon.
You visited 1 branch of the dungeon, and saw 3 of its levels.

You collected 241 gold pieces.

Inventory:

Hand Weapons
 a - a +1 short sword of holy wrath (weapon)
 i - a +0 falchion
Missiles
 d - 3 boomerangs of dispersal
 s - 5 poisoned darts
Armour
 b - a +0 leather armour (worn)
Jewellery
 h - an amulet of regeneration
Scrolls
 c - a scroll of blinking
 f - a scroll of enchant weapon {unknown}
 l - 3 scrolls of enchant armour {unknown}
 m - a scroll of teleportation {unknown}
 n - 3 scrolls of identify {unknown}
 p - a scroll of vulnerability {unknown}
Potions
 e - a potion of brilliance {unknown}
 g - 3 potions of curing {unknown}
 j - a potion of heal wounds {unknown}
 k - 2 potions of cancellation {unknown}
 o - a potion of haste {unknown}
 q - 2 potions of mutation {unknown}
 r - a potion of flight {unknown}
 t - a potion of invisibility {unknown}


   Skills:
 + Level 2.3 Fighting
 + Level 1.6(2.4) Short Blades
 + Level 2.7(3.0) Long Blades
 + Level 0.9 Throwing
 + Level 1.4 Armour
 + Level 1.7 Dodging
 + Level 0.2 Stealth
 + Level 2.2 Spellcasting
 * Level 4.2 Translocations


You had 4 spell levels left.
You knew the following spells:

 Your Spells              Type           Power      Damage    Failure   Level
a - Blink                 Tloc           24%        N/A       9%          2
b - Lesser Beckoning      Tloc           24%        N/A       9%          2

Your spell library contained the following spells:

 Spells                   Type           Power      Damage    Failure   Level
 Teleport Other           Tloc           12%        N/A       16%         3
 Vhi's Electric Charge    Tloc/Air       12%        N/A       36%         3
 Manifold Assault         Tloc           12%        N/A       47%         4


Dungeon Overview and Level Annotations

Branches:
Dungeon (3/15)

Altars:
Ru


Innate Abilities, Weirdness & Mutations

Your serpentine skin is tough. (AC +1)
You have supernaturally acute eyesight. (SInv)
Armour fits poorly on your strangely shaped body.
Your system is resistant to poisons. (rPois)
You cover ground very slowly.
You can spit poison.
You have a snake-like lower body.


Message History

The splash of poison hits the gnoll!
The gnoll is poisoned.
You kill the gnoll!
Things that are here:
a +0 spear; a gnoll corpse You start resting.
You have got your breath back.
You start resting.
HP restored.
A gnoll comes into view. It is wielding a +0 whip.
The gnoll shouts!
You hear a shout! x2
There are monsters nearby!
Aiming: Spit Poison (1% risk of failure)
Press: ? - help, Shift-Dir - straight line, f - gnoll
Aim: a gnoll, wielding a +0 flail (65% to hit)
The splash of poison hits the gnoll.
The gnoll is poisoned.
The gnoll is moderately wounded.
You have got your breath back.
Cast which spell? (? or * to list)
You don't know that spell.
The gnoll looks more healthy.
Aiming: Spit Poison (1% risk of failure)
Press: ? - help, Shift-Dir - straight line, f/p - gnoll
Aim: a gnoll, wielding a +0 flail (moderately wounded, 65% to hit)
The splash of poison hits the gnoll but does no damage.
The gnoll is moderately wounded.
The gnoll attacks as you move away! The gnoll hits you with a +0 flail.
The gnoll closely misses you. The gnoll attacks as you move away!
The gnoll closely misses you.
You have got your breath back.
The gnoll attacks as you move away! The gnoll hits you with a +0 flail!
The gnoll hits you with a +0 flail! The gnoll attacks as you move away!
The gnoll hits you with a +0 flail. The gnoll attacks as you move away!
The gnoll hits you with a +0 flail. x2
* * * LOW HITPOINT WARNING * * *
The gnoll attacks as you move away! The gnoll hits you with a +0 whip!
* * * LOW HITPOINT WARNING * * *
The gnoll attacks as you move away! The gnoll hits you with a +0 flail.
* * * LOW HITPOINT WARNING * * *
You hit the gnoll but do no damage. The gnoll hits you with a +0 whip!
You die...

# #.#.#.# #.............# #
#.#.#.####.###..#####..# #
####.#.........##..#####..# #
#....#.#.....)..)..<......#
###.###..#######.##.####....#
..#.# #.## #.##.# #....#
#...# #.# #.##.# #....# ###.#
#.# #.##.# #....# # ..# #.#
#@##.#####...# ##### #.#
#g##.........# # #.#
##g########..## ## #.# #...##
#.># .#
#.#######....######..# ##
#.....).......#......#
###########..#......##
###...####.# #..........#


You could see 2 gnolls.

Vanquished Creatures
  A scorpion (D:3)
  A gnoll (D:3)
  An ufetubus (D:3)
  2 worms (D:2)
  2 dart slugs
  An orc (D:3)
  11 endoplasms
  A goblin (D:2)
  4 hobgoblins
  9 kobolds
  A quokka (D:2)
  3 ball pythons (D:1)
  3 bats
  2 frilled lizards (D:2)
  6 rats
48 creatures vanquished.

Notes
Turn   | Place    | Note
-------+----------+-------------------------------------------
     0 | D:1      | jimonade the Naga Warper began the quest for the Orb.
     0 | D:1      | Reached XP level 1. HP: 19/19 MP: 3/3
   313 | D:1      | Reached XP level 2. HP: 18/26 MP: 5/5
   917 | D:2      | Reached XP level 3. HP: 30/32 MP: 6/6
  1057 | D:2      | Reached skill level 1 in Armour
  1263 | D:2      | Found a faded altar of an unknown god.
  1497 | D:3      | Noticed a scorpion
  1503 | D:3      | Killed a scorpion
  1504 | D:3      | Reached skill level 1 in Short Blades
  1504 | D:3      | Reached skill level 4 in Translocations
  1504 | D:3      | Reached XP level 4. HP: 36/39 MP: 7/7
  1504 | D:3      | Reached XP level 5. HP: 41/45 MP: 8/8
  1558 | D:3      | Found a sacrificial altar of Ru.
  1664 | D:3      | Learned a level 2 spell: Blink
  1667 | D:3      | Learned a level 2 spell: Lesser Beckoning
  1945 | D:3      | HP: 1/45 [gnoll/+0 flail (2)]
  1947 | D:3      | Slain by a gnoll

Illustrated notes

Levels and vault maps discovered:
D:1:      sevenhm_arrival_forest_fort_small_6, layout_loops_ring,
          minmay_tetromino_s2
D:2:      layout_rooms, hellmonk_ecumenical_altar_inner_sanctum
D:3:      layout_loops_ring, nicolae_ru_sacrificial_ziggurat, st_stairs_6

Skill      XL: |  1  2  3 |
---------------+----------+-----
Armour         | 1 |  1.4
Short Blades   | 1 |  1.6
Translocations | 4 |  4.2
Fighting       | |  2.3
Long Blades    | |  2.7
Throwing       | |  0.9
Dodging        | |  1.7
Stealth        | |  0.2
Spellcasting   | |  2.2

Action                     |  1- 3 |  4- 6 || total
---------------------------+-------+-------++-------
  Melee: Falchion          |    41 |       ||    41
         Short sword       |    88 |    11 ||    99
         Punch             |       |     1 ||     1
  Throw: Boomerang         |     4 |       ||     4
Ability: Spit Poison       |    32 |    13 ||    45
 Armour: Leather armour    |    34 |     2 ||    36
  Dodge: Dodged            |    53 |     8 ||    61

Table legend: (Time is in decaauts)
 A = Elapsed time spent in this place.
 B = Non-inter-level travel time spent in this place.
 C = Inter-level travel time spent in this place.
 D = Time resting spent in this place.
 E = Time spent auto-exploring this place.
 F = Levels seen in this place.
 G = Mean time per level.
                   A        B        C        D        E       F      G
               +--------+--------+--------+--------+--------+-----+--------+
         Total |   2552 |   2417 |    135 |     52 |   1575 |   3 |  850.7 |
       Dungeon |   2552 |   2417 |    135 |     52 |   1575 |   3 |  850.7 |
               +--------+--------+--------+--------+--------+-----+--------+

Top non-repeatable levels by time:
     D:1: 1021 daAuts
     D:2: 778 daAuts
     D:3: 752 daAuts
